General information
- name: BNet
- type: Ladder team game (AT/RT)
- host: Battle.net
- saver: PistolPete
map: Deadlock
- players: 8
- length: 21:08
- speed: Fast
- version: 1.28 W3XP
- replay type: Public
» download(137 KB)
Players
team 1 (winner)

»
TokinEls (
pink | 59 APM | 1241 actions | 21:07)
6 Demon Hunter
3 Immolation
2 Mana Burn
1 Metamorphosis
5 Priestess of the Moon
3 Trueshot Aura
2 Scout
» actions
| Assign group hotkey | 106 | |
| Build / train | 100 | |
| ESC pressed | 3 | |
| Enter build submenu | 32 | |
| Enter hero's abilities submenu | 11 | |
| Remove unit from queue | 1 | |
| Right click | 286 | |
| Select / deselect | 277 | |
| Select group hotkey | 328 | |
| Use ability | 97 | |
1241 total
» units
| Wisp | 35 | |
| Archer | 15 | |
| Druid of the Talon | 4 | |
| Hippogryph | 7 | |
| Glaive Thrower | 1 | |
62 total
» upgrades
| Strength of the Moon | 3 | |
| Moon Armor | 3 | |
| Ultravision | 1 | |
| Improved Bows | 1 | |
| Hippogryph Taming | 1 | |
| Marksmanship | 1 | |
| Druid of the Talon Training | 2 | |
| Mark of the Talon | 1 | |
| Well Spring | 1 | |
14 total
» buildings
| Moon Well | 7 | |
| Altar of Elders | 1 | |
| Ancient of War | 2 | |
| Hunter's Hall | 1 | |
| Tree of Life | 3 | |
| Ancient Protector | 7 | |
| Tree of Ages | 1 | |
| Ancient of Wonders | 2 | |
| Tree of Eternity | 1 | |
| Ancient of Wind | 3 | |
28 total
» build order
00:25 Moon Well
00:59 Altar of Elders
01:21 Ancient of War
01:31 Moon Well
02:00 Hunter's Hall
03:19 Moon Well
04:15 Tree of Life
04:25 Ancient Protector
04:29 Ancient Protector
04:41 Ancient Protector
04:49 Ancient Protector
05:11 Ancient Protector
05:22 Moon Well
05:46 Tree of Ages
05:51 Ancient Protector
05:55 Ancient of Wonders
06:04 Ancient Protector
08:14 Tree of Eternity
08:45 Ancient of Wind
08:47 Ancient of Wind
09:39 Ancient of Wind
09:41 Ancient of War
10:08 Ancient of Wonders
11:29 Moon Well
11:32 Moon Well
12:00 Moon Well
12:48 Tree of Life
18:50 Tree of Life
» items
| Scroll of Town Portal | 3 | |
| Lesser Clarity Potion | 3 | |
| Scroll of Regeneration | 2 | |
8 total

»
ehavne (
orange | 41 APM | 859 actions | 21:07)
5 Tauren Chieftain
2 War Stomp
3 Endurance Aura
» actions
| Assign group hotkey | 20 | |
| Basic commands | 91 | |
| Build / train | 52 | |
| ESC pressed | 16 | |
| Enter build submenu | 38 | |
| Enter hero's abilities submenu | 5 | |
| Right click | 249 | |
| Select / deselect | 251 | |
| Select group hotkey | 73 | |
| Use ability | 64 | |
859 total
» units
| Peon | 19 | |
| Grunt | 7 | |
| Shaman | 4 | |
| Tauren | 5 | |
35 total
» upgrades
| Melee Weapons | 2 | |
| Armor | 2 | |
| Shaman Training | 2 | |
| Pulverize | 1 | |
7 total
» buildings
| Altar of Storms | 1 | |
| Orc Burrow | 11 | |
| Barracks | 1 | |
| Voodoo Lounge | 1 | |
| Stronghold | 1 | |
| War Mill | 1 | |
| Fortress | 1 | |
| Spirit Lodge | 2 | |
| Great Hall | 1 | |
| Tauren Totem | 4 | |
| Watch Tower | 12 | |
36 total
» build order
00:16 Altar of Storms
00:25 Orc Burrow
00:42 Barracks
01:28 Orc Burrow
02:08 Voodoo Lounge
02:57 Orc Burrow
03:04 Stronghold
03:52 Orc Burrow
05:21 War Mill
06:00 Fortress
06:04 Spirit Lodge
07:43 Great Hall
08:26 Tauren Totem
08:30 Tauren Totem
11:43 Orc Burrow
11:48 Orc Burrow
11:51 Orc Burrow
17:13 Watch Tower
17:15 Watch Tower
17:17 Watch Tower
17:28 Watch Tower
17:29 Watch Tower
17:35 Watch Tower
17:37 Watch Tower
17:38 Watch Tower
17:43 Watch Tower
17:49 Watch Tower
18:54 Tauren Totem
18:58 Tauren Totem
19:03 Watch Tower
19:06 Watch Tower
19:49 Spirit Lodge
20:52 Orc Burrow
20:54 Orc Burrow
20:58 Orc Burrow
21:02 Orc Burrow
» items
PistolPete (
yellow | 30 APM | 642 actions | 21:08)
» actions
| Basic commands | 11 | |
| Build / train | 67 | |
| Enter build submenu | 53 | |
| Remove unit from queue | 1 | |
| Right click | 171 | |
| Select / deselect | 267 | |
| Use ability | 72 | |
642 total
» units
» upgrades
| Masonry | 2 | |
| Lumber Harvesting | 1 | |
| Magic Sentry | 1 | |
4 total
» buildings
| Scout Tower | 47 | |
| Lumber Mill | 2 | |
| Arcane Tower | 2 | |
| Guard Tower | 32 | |
| Farm | 2 | |
| Keep | 1 | |
| Town Hall | 1 | |
| Arcane Vault | 1 | |
| Altar of Kings | 1 | |
| Arcane Sanctum | 1 | |
| Castle | 1 | |
91 total
» build order
00:14 Scout Tower
00:23 Lumber Mill
00:49 Arcane Tower
01:30 Scout Tower
01:32 Scout Tower
01:35 Scout Tower
01:36 Scout Tower
01:46 Scout Tower
01:48 Scout Tower
01:51 Scout Tower
01:52 Scout Tower
02:01 Guard Tower
02:03 Guard Tower
02:27 Guard Tower
02:30 Guard Tower
02:32 Guard Tower
02:42 Guard Tower
03:27 Guard Tower
03:33 Guard Tower
04:17 Scout Tower
04:18 Scout Tower
04:22 Scout Tower
04:24 Scout Tower
04:25 Scout Tower
05:34 Scout Tower
05:35 Scout Tower
05:45 Scout Tower
05:47 Scout Tower
06:07 Guard Tower
06:32 Guard Tower
06:40 Guard Tower
06:45 Scout Tower
07:04 Scout Tower
07:06 Scout Tower
07:09 Scout Tower
07:21 Arcane Tower
08:08 Guard Tower
08:17 Farm
08:19 Farm
08:32 Guard Tower
08:35 Guard Tower
08:52 Guard Tower
09:55 Keep
12:14 Lumber Mill
13:10 Scout Tower
13:11 Scout Tower
13:13 Scout Tower
13:16 Scout Tower
13:20 Scout Tower
13:37 Guard Tower
13:37 Guard Tower
13:40 Guard Tower
13:40 Guard Tower
13:41 Guard Tower
13:41 Guard Tower
13:44 Guard Tower
13:44 Guard Tower
13:44 Guard Tower
13:45 Guard Tower
13:47 Guard Tower
15:39 Town Hall
15:58 Scout Tower
15:58 Scout Tower
16:00 Scout Tower
16:00 Scout Tower
16:14 Scout Tower
16:56 Guard Tower
16:59 Scout Tower
17:02 Arcane Vault
17:19 Guard Tower
17:23 Altar of Kings
17:30 Arcane Sanctum
18:09 Guard Tower
18:41 Castle
19:04 Scout Tower
19:54 Scout Tower
19:56 Scout Tower
19:57 Scout Tower
19:58 Scout Tower
19:59 Scout Tower
20:00 Scout Tower
20:01 Scout Tower
20:02 Scout Tower
20:04 Scout Tower
20:08 Scout Tower
20:09 Scout Tower
20:10 Scout Tower
20:11 Scout Tower
dixinabag (
teal | 73 APM | 1537 actions | 21:07)
8 Archmage
3 Summon Water Elemental
3 Brilliance Aura
1 Mass Teleport
1 Blizzard
» actions
| Assign group hotkey | 35 | |
| Basic commands | 130 | |
| Build / train | 68 | |
| Enter build submenu | 26 | |
| Enter hero's abilities submenu | 8 | |
| Remove unit from queue | 1 | |
| Right click | 466 | |
| Select / deselect | 187 | |
| Select group hotkey | 545 | |
| Use ability | 71 | |
1537 total
» units
| Peasant | 11 | |
| Rifleman | 9 | |
| Mortar Team | 11 | |
| Priest | 7 | |
| Sorceress | 2 | |
40 total
» upgrades
| Gunpowder | 2 | |
| Armor | 3 | |
| Long Rifles | 1 | |
| Flare | 1 | |
| Priest Training | 2 | |
| Lumber Harvesting | 1 | |
| Fragmentation Shards | 1 | |
| Sorceress Training | 1 | |
12 total
» buildings
| Altar of Kings | 1 | |
| Barracks | 1 | |
| Farm | 16 | |
| Blacksmith | 1 | |
| Scout Tower | 4 | |
| Lumber Mill | 1 | |
| Arcane Tower | 1 | |
| Guard Tower | 3 | |
| Keep | 1 | |
| Workshop | 1 | |
| Arcane Sanctum | 1 | |
| Castle | 1 | |
32 total
» build order
00:13 Altar of Kings
00:18 Barracks
00:24 Farm
00:26 Farm
01:12 Blacksmith
01:28 Scout Tower
01:51 Farm
02:08 Lumber Mill
02:31 Arcane Tower
02:47 Scout Tower
03:00 Scout Tower
03:02 Scout Tower
03:16 Guard Tower
03:50 Guard Tower
03:54 Farm
04:15 Guard Tower
04:37 Keep
05:15 Farm
05:16 Farm
06:22 Farm
07:43 Workshop
07:49 Arcane Sanctum
08:14 Farm
10:09 Castle
10:11 Farm
11:34 Farm
11:36 Farm
13:45 Farm
14:16 Farm
14:18 Farm
19:34 Farm
19:36 Farm
team 2 (loser)
TheTorontoStar (
green | 54 APM | 963 actions | 17:50)
4 Blademaster
2 Wind Walk
2 Critical Strike
» actions
| Assign group hotkey | 20 | |
| Basic commands | 1 | |
| Build / train | 69 | |
| Enter build submenu | 13 | |
| Enter hero's abilities submenu | 4 | |
| Give item / drop item | 8 | |
| Remove unit from queue | 1 | |
| Right click | 481 | |
| Select / deselect | 193 | |
| Select group hotkey | 39 | |
| Use ability | 134 | |
963 total
» units
| Peon | 12 | |
| Wind Rider | 5 | |
| Troll Batrider | 5 | |
22 total
» upgrades
| Ranged Weapons | 1 | |
| Reinforced Defenses | 1 | |
| Envenomed Spears | 1 | |
| Armor | 1 | |
| Liquid Fire | 1 | |
5 total
» buildings
| Altar of Storms | 1 | |
| Orc Burrow | 5 | |
| Voodoo Lounge | 4 | |
| Stronghold | 1 | |
| Fortress | 1 | |
| Great Hall | 1 | |
| War Mill | 1 | |
| Beastiary | 3 | |
17 total
» build order
00:11 Altar of Storms
00:20 Orc Burrow
00:51 Voodoo Lounge
02:50 Voodoo Lounge
03:41 Stronghold
04:10 Voodoo Lounge
06:04 Voodoo Lounge
06:16 Fortress
06:58 Great Hall
07:22 War Mill
08:03 Orc Burrow
11:32 Orc Burrow
11:32 Orc Burrow
11:33 Orc Burrow
11:39 Beastiary
11:50 Beastiary
11:54 Beastiary
» items
| Healing Salve | 2 | |
| Lesser Clarity Potion | 9 | |
| Scroll of Speed | 5 | |
| Periapt of Vitality | 1 | |
| Circlet of Nobility | 1 | |
| Potion of Mana | 5 | |
| Potion of Healing | 6 | |
| Scroll of Town Portal | 2 | |
| Orb of Lightning | 1 | |
32 total
li331 (
blue | 69 APM | 1465 actions | 21:06)
4 Death Knight
2 Death Coil
2 Unholy Aura
2 Lich
1 Frost Nova
1 Frost Armor
1 Archmage
1 Blizzard
» actions
| Assign group hotkey | 31 | |
| Basic commands | 125 | |
| Build / train | 58 | |
| ESC pressed | 1 | |
| Enter build submenu | 21 | |
| Enter hero's abilities submenu | 7 | |
| Right click | 423 | |
| Select / deselect | 307 | |
| Select group hotkey | 424 | |
| Use ability | 68 | |
1465 total
» units
| Acolyte | 2 | |
| Ghoul | 3 | |
| Crypt Fiend | 10 | |
| Obsidian Statue | 2 | |
| Frost Wyrm | 9 | |
| Flying Machine | 10 | |
36 total
» upgrades
| Web | 1 | |
| Burrow | 1 | |
| Destroyer Form | 1 | |
3 total
» buildings
| Crypt | 1 | |
| Graveyard | 1 | |
| Ziggurat | 7 | |
| Altar of Darkness | 1 | |
| Tomb of Relics | 1 | |
| Nerubian Tower | 1 | |
| Halls of the Dead | 1 | |
| Slaughterhouse | 2 | |
| Black Citadel | 1 | |
| Sacrificial Pit | 1 | |
| Boneyard | 2 | |
19 total
» build order
00:18 Crypt
00:20 Graveyard
00:50 Ziggurat
00:58 Altar of Darkness
01:29 Ziggurat
01:32 Tomb of Relics
02:04 Ziggurat
02:17 Nerubian Tower
04:11 Halls of the Dead
06:22 Ziggurat
06:40 Slaughterhouse
07:52 Slaughterhouse
08:10 Black Citadel
08:56 Sacrificial Pit
10:55 Boneyard
11:58 Ziggurat
11:59 Ziggurat
12:22 Boneyard
14:36 Ziggurat
» items
| Rod of Necromancy | 1 | |
| Scroll of Town Portal | 5 | |
| Orb of Corruption | 1 | |
7 total
CSEVEN (
purple | 43 APM | 735 actions | 17:11)
3 Archmage
1 Summon Water Elemental
1 Brilliance Aura
1 Blizzard
» actions
| Basic commands | 15 | |
| Build / train | 103 | |
| Enter build submenu | 34 | |
| Enter hero's abilities submenu | 3 | |
| Give item / drop item | 1 | |
| Remove unit from queue | 3 | |
| Right click | 237 | |
| Select / deselect | 282 | |
| Use ability | 57 | |
735 total
» units
| Peasant | 31 | |
| Siege Engine | 10 | |
| Flying Machine | 11 | |
52 total
» upgrades
| Masonry | 3 | |
| Lumber Harvesting | 2 | |
| Gunpowder | 3 | |
| Plating | 3 | |
| Barrage | 1 | |
| Flak Cannons | 1 | |
| Flying Machine Bombs | 1 | |
14 total
» buildings
| Farm | 10 | |
| Altar of Kings | 1 | |
| Lumber Mill | 1 | |
| Scout Tower | 12 | |
| Arcane Tower | 1 | |
| Guard Tower | 11 | |
| Town Hall | 2 | |
| Arcane Vault | 1 | |
| Keep | 3 | |
| Blacksmith | 2 | |
| Castle | 1 | |
| Workshop | 5 | |
50 total
» build order
00:57 Farm
01:01 Altar of Kings
01:35 Lumber Mill
01:50 Farm
01:59 Scout Tower
02:27 Farm
02:30 Arcane Tower
02:33 Scout Tower
03:14 Guard Tower
03:17 Scout Tower
03:47 Guard Tower
03:53 Farm
04:25 Town Hall
04:28 Scout Tower
04:30 Scout Tower
04:39 Farm
05:00 Guard Tower
05:03 Scout Tower
05:06 Scout Tower
05:35 Guard Tower
05:37 Scout Tower
05:43 Scout Tower
05:50 Arcane Vault
05:55 Scout Tower
05:57 Scout Tower
06:06 Guard Tower
06:09 Scout Tower
06:13 Guard Tower
06:20 Keep
06:20 Keep
06:20 Keep
06:24 Guard Tower
06:24 Guard Tower
06:25 Guard Tower
06:31 Farm
07:38 Town Hall
07:56 Guard Tower
08:17 Blacksmith
08:43 Blacksmith
08:46 Castle
09:24 Farm
09:34 Workshop
10:19 Workshop
10:51 Workshop
11:16 Workshop
11:41 Farm
12:27 Farm
13:34 Farm
14:50 Workshop
» items
| Scroll of Regeneration | 2 | |
| Lesser Clarity Potion | 2 | |
| Scroll of Town Portal | 1 | |
| Potion of Healing | 1 | |
6 total

»
searinghoof (
red | 33 APM | 589 actions | 17:47)
3 Lich
2 Frost Nova
1 Dark Ritual
» actions
| Assign group hotkey | 5 | |
| Build / train | 56 | |
| Enter build submenu | 25 | |
| Enter hero's abilities submenu | 3 | |
| Right click | 147 | |
| Select / deselect | 221 | |
| Select group hotkey | 78 | |
| Use ability | 54 | |
589 total
» units
| Acolyte | 7 | |
| Ghoul | 14 | |
| Crypt Fiend | 2 | |
| Razormane Medicine Man | 1 | |
| Necromancer | 4 | |
| Meatwagon | 2 | |
| Abomination | 1 | |
31 total
» upgrades
| Cannibalize | 1 | |
| Unholy Strength | 2 | |
| Unholy Armor | 2 | |
| Web | 1 | |
| Skeletal Longevity | 1 | |
| Necromancer Training | 2 | |
| Skeletal Mastery | 1 | |
| Disease Cloud | 1 | |
11 total
» buildings
| Ziggurat | 11 | |
| Altar of Darkness | 2 | |
| Crypt | 2 | |
| Nerubian Tower | 2 | |
| Graveyard | 3 | |
| Spirit Tower | 5 | |
| Halls of the Dead | 1 | |
| Slaughterhouse | 2 | |
| Temple of the Damned | 1 | |
| Black Citadel | 1 | |
| Necropolis | 1 | |
31 total
» build order
00:11 Ziggurat
00:14 Altar of Darkness
00:35 Crypt
01:01 Ziggurat
01:12 Nerubian Tower
01:44 Crypt
01:58 Nerubian Tower
02:51 Graveyard
02:58 Graveyard
03:24 Ziggurat
04:38 Ziggurat
04:43 Spirit Tower
06:13 Halls of the Dead
07:20 Spirit Tower
08:19 Ziggurat
08:24 Ziggurat
10:06 Slaughterhouse
10:16 Slaughterhouse
10:28 Temple of the Damned
10:49 Ziggurat
12:20 Black Citadel
12:45 Ziggurat
12:47 Spirit Tower
12:50 Spirit Tower
13:47 Spirit Tower
16:19 Necropolis
16:24 Ziggurat
16:30 Ziggurat
16:34 Graveyard
16:41 Altar of Darkness
16:46 Ziggurat
» items
Chat log
(00:09 / Allies) ehavne: hey
(00:11 / Allies) ehavne: units all?
(00:32 / Allies) dixinabag: rifle mort caster
(01:04 / Allies) ehavne: tauren shamans here
(02:22 / Allies) TokinEls: love it
(02:29 / Allies) TokinEls: more towers more farms
(02:58 / Allies) TokinEls: ty
(03:02 / Allies) TokinEls: hipp riders
(03:04 / Allies) TokinEls: fast tech
(03:19 / Allies) ehavne: kk
(04:36 / Allies) PistolPete: he prob mhs
(04:39 / Allies) ehavne: omw
(06:04 / Allies) PistolPete: one them must have ponied of the dosh for that mh
(06:56 / Allies) TokinEls: push expos
(07:21 / Allies) TokinEls: necs?
(09:06 / Allies) ehavne: ty
(10:41 / Allies) ehavne: expo
(11:10 / Allies) TokinEls: ylw im good now
(12:24 / Allies) TokinEls: not yet
(12:28 / Allies) dixinabag: i have 4 morts
(12:32 / Allies) dixinabag: 5
(12:33 / Allies) TokinEls: we need 8
(13:17 / Allies) ehavne: lol tauren stuck
(14:03 / Allies) TokinEls: dont tp
(14:06 / Allies) TokinEls: its a dumby
(14:39 / Allies) PistolPete: is that green or me
(14:43 / Allies) TokinEls: you
(15:27 / Allies) PistolPete: lumber
(15:52 / Allies) ehavne: teal get towers
(16:21 / Allies) PistolPete: what is up with this idiot lol
(16:42 / Allies) PistolPete: burrow
(16:44 / Allies) PistolPete: he doesn't have
(16:46 / Allies) PistolPete: and repair
(16:57 / Allies) TokinEls: ylw shop?
(17:00 / Allies) TokinEls: plz
(17:07 / Allies) TokinEls: put all workers on shop
(17:08 / Allies) TokinEls: i need heal
(17:23 / Allies) TokinEls: ty
(17:24 / Allies) TokinEls: ty
(17:57 / Allies) TokinEls: good feed ty
(18:16 / Allies) PistolPete: why did that idiot keep trying to tank me lol
(18:21 / Allies) PistolPete: there are way softer bases
(18:23 / Allies) TokinEls: he was bad
(18:32 / All) dixinabag: gg
(20:34 / Allies) ehavne: lumber plz
(20:44 / Allies) ehavne: ty